 Dungeon Crawl Stone Soup version 0.18.1-5-g4a78601 (webtiles) character file.

5766 mopl the Covert (level 10, -13/60 HPs)
             Began as a High Elf Enchanter on May 11, 2016.
             Was an Elder of Dithmenos.
             Mangled by a yak (14 damage)
             ... on level 9 of the Dungeon.
             The game lasted 00:27:59 (9486 turns).

mopl the Covert (High Elf Enchanter)                Turns: 9486, Time: 00:27:59

Health: -13/60     AC:  5    Str:  7    XL:     10   Next: 49%
Magic:  1/17       EV: 14    Int: 21    God:    Dithmenos [****..]
Gold:   497        SH:  2    Dex: 18    Spells: 6 memorised, 3 levels left

rFire  . . .     SeeInvis .     a - +2 dagger (freeze)
rCold  + + .     Gourm    .     T - +0 robe {rC+ rF+}
rNeg   . . .     Faith    .     (no shield)
rPois  .         Spirit   .     y - +1 helmet
rElec  .         Dismiss  .     (no cloak)
rCorr  .         Reflect  +     i - +0 pair of gloves
SustAt .         Harm     .     (no boots)
MR     +....                    C - +2 amulet of reflection
Stlth  ++++++....               D - ring of loudness (curse)
                                A - ring of ice

@: wreathed by umbra, somewhat resistant to hostile enchantments, very stealthy
A: no striking features
a: Shadow Step, Renounce Religion


You were on level 9 of the Dungeon.
You worshipped Dithmenos.
Dithmenos was greatly pleased with you.
You were not hungry.

You visited 1 branch of the dungeon, and saw 9 of its levels.

You collected 527 gold pieces.
You spent 30 gold pieces at shops.

Inventory:

Hand Weapons
 a - a +2 dagger of freezing (weapon)
 b - a +0 blowgun
 o - a +0 long sword
 I - a +0 lajatang
Missiles
 v - 61 poisoned needles
 F - 3 tomahawks of returning (quivered)
 N - 14 tomahawks
 P - a throwing net
Armour
 i - a +0 pair of gloves (worn)
 y - a +1 helmet (worn)
 T - a +0 robe of resistance (worn)
Magical Staves
 U - an uncursed staff of conjuration {unknown}
Jewellery
 m - an uncursed ring of resist corrosion
 A - a ring of ice (left hand)
 C - a +2 amulet of reflection (around neck)
 D - a cursed ring of loudness (right hand)
Wands
 M - a wand of iceblast (8/15)
Scrolls
 e - 5 scrolls of amnesia {unknown}
 f - 7 scrolls of identify {unknown}
 q - a scroll of fear {unknown}
 t - 5 scrolls of blinking {unknown}
 w - 2 scrolls of random uselessness {unknown}
 x - a scroll of enchant armour {unknown}
 z - 2 scrolls of remove curse {unknown}
 H - 2 scrolls of immolation {unknown}
 L - a scroll of magic mapping {unknown}
 R - a scroll of enchant weapon {unknown}
Potions
 g - 2 potions of mutation {unknown}
 h - a potion of invisibility {unknown}
 k - 4 potions of haste
 n - 3 potions of degeneration {unknown}
 p - 3 potions of heal wounds {unknown}
 r - a potion of brilliance {unknown}
 u - 8 potions of curing
 B - a potion of ambrosia {unknown}
 G - a potion of lignification {unknown}
 J - a potion of agility {unknown}
 O - a potion of might {unknown}
 Q - a potion of beneficial mutation {unknown}
 V - a potion of magic {unknown}
Books
 c - a book of Maledictions

   Spells                             Type                      Level
   a - Corona                         Hexes                        1
   b - Ensorcelled Hibernation        Hexes/Ice                    2
   c - Confuse                        Hexes                        3
   d - Tukima's Dance                 Hexes                        3
   e - Dazzling Spray                 Conjuration/Hexes            3
 S - a book of Geomancy

   Spells                             Type                      Level
   a - Sandblast                      Earth                        1
   b - Passwall                       Transmutation/Earth          2
   c - Stone Arrow                    Conjuration/Earth            3
   d - Petrify                        Transmutation/Earth          4
   e - Lee's Rapid Deconstruction     Earth                        5
Comestibles
 d - 10 bread rations
 j - a meat ration
 l - 3 slices of pizza
 s - 3 beef jerkies
 E - a fruit
 K - a royal jelly
 W - 4 chunks of flesh


   Skills:
 + Level 2.0 Fighting
 - Level 1.2(4.3) Short Blades
 + Level 6.6(6.7) Long Blades
 + Level 1.8 Throwing
 + Level 3.1 Dodging
 * Level 11.4 Stealth
 - Level 4.1 Spellcasting
 - Level 3.1 Conjurations
 * Level 9.7 Hexes
 - Level 3.1 Ice Magic


You had 3 spell levels left.
You knew the following spells:

 Your Spells              Type           Power        Failure   Level  Hunger
a - Corona                Hex            #####..      1%          1    None
b - Ensorcelled Hibernat  Hex/Ice        #####.       1%          2    #......
c - Confuse               Hex            #####...     1%          3    ###....
d - Tukima's Dance        Hex            #####...     1%          3    ###....
g - Dazzling Spray        Conj/Hex       ####....     2%          3    ###....
p - Passwall              Trmt/Erth      #.........   17%         2    #......


Dungeon Overview and Level Annotations

Branches:
Dungeon (9/15)             Temple (0/1) D:4
   Lair: D:8-11         Orc: D:9-12

Altars:
Dithmenos
Gozag
Kikubaaqudgha
Nemelex Xobeh
Okawaru
Qazlal
Sif Muna
Trog

Shops:
D:5 :}   D:7 (   D:8 (


Message History

The yak gores you!
* * * LOW HITPOINT WARNING * * *
Things that are here:
a yak corpse x2
A troll comes into view.
Casting: Ensorcelled Hibernation
Confirm with . or Enter, or press ? or * to list all spells.
Aiming: Ensorcelled Hibernation
Press: ? - help, Shift-Dir - straight line, f - yak
Aim: a yak (umbra, chance to defeat MR: 71%)
You feel a surge of power!
The yak struggles to resist.
The troll shouts!
The yak barely misses you.
Casting: Ensorcelled Hibernation
Confirm with . or Enter, or press ? or * to list all spells.
Aiming: Ensorcelled Hibernation
Press: ? - help, Shift-Dir - straight line, f/p - yak
Aim: a yak (umbra, chance to defeat MR: 71%)
You feel a surge of power!
The yak struggles to resist.
The yak gores you!
You die...

###########.#
#.....>###... #รท#
#..####.#.### #.#
#))#####.## # #.#
#)........### #.#
##)#####..##. #(#
#.# ##...... #.#
#.# #.....#.
######.#### #.#
##...###
........@YS# #.#
#..## #
.....##.##c# #.#
##.## # #### #.##.#
#.###(..# # #.##c#
#.##.###.# # #.##.#
#....# ....
.T....#####.###.###
...............# ..
...#######.## .....
.#


You could see a yak, a troll, a centaur and an adder.

Vanquished Creatures
  Pikel (D:8)
  The ghost of Scytalen the Skirmisher, a novice DrTm of Gozag (D:5)
  A two-headed ogre (D:8)
  Sigmund (D:5)
  A spriggan (D:7)
  8 yaks
  Menkaure (D:5)
  An orc warrior (D:7)
  2 ogres
  A phantom (D:9)
  2 ice beasts
  4 centaurs
  A crocodile (D:7)
  Blork the orc (D:4)
  4 giant frogs
  A scorpion (D:6)
  4 wights
  5 howler monkeys
  An electric eel (D:8)
  A vampire bat (D:4)
  3 crimson imps
  A centaur zombie (D:7)
  3 hounds
  2 jellies
  7 orc priests
  10 orc wizards
  3 iguanas
  Terence (D:2)
  2 worker ants
  A hound zombie (D:7)
  A hound skeleton (D:4)
  5 adders
  4 gnolls (D:6)
  A hound simulacrum (D:8)
  3 white imps (D:8)
  An ufetubus (D:7)
  An ooze (D:1)
  An adder zombie (D:5)
  An adder skeleton (D:6)
  2 worms
  5 dart slugs
  3 fire bats (D:4)
  7 giant geckos
  25 orcs
  2 spectral bats (D:4)
  3 bat skeletons (D:4)
  A bat zombie (D:4)
  5 giant cockroaches
  4 goblins (D:1)
  7 hobgoblins
  3 jackals (D:4)
  6 kobolds
  3 quokkas
  14 bats
  A bat simulacrum (D:4)
  5 giant newts
  A jackal skeleton (D:6)
  9 rats
199 creatures vanquished.

Vanquished Creatures (collateral kills)
  2 ogres
  6 wights
  A quokka (D:8)
9 creatures vanquished.

Vanquished Creatures (others)
  2 dancing weapons
  A howler monkey simulacrum (D:8)
3 creatures vanquished.

Grand Total: 211 creatures vanquished

Notes
Turn   | Place    | Note
--------------------------------------------------------------
     0 | D:1      | mopl the High Elf Enchanter began the quest for the Orb.
     0 | D:1      | Reached XP level 1. HP: 11/11 MP: 4/4
   638 | D:1      | Reached XP level 2. HP: 17/17 MP: 6/6
   642 | D:1      | Learned a level 2 spell: Ensorcelled Hibernation
   945 | D:2      | Found a deep blue altar of Sif Muna.
   945 | D:2      | Found a shadowy altar of Dithmenos.
   946 | D:2      | Found an ancient bone altar of Kikubaaqudgha.
   953 | D:2      | Became a worshipper of Dithmenos the Shadowed
  1296 | D:1      | Reached XP level 3. HP: 12/21 MP: 5/7
  1301 | D:1      | Learned a level 3 spell: Confuse
  1557 | D:1      | Reached skill level 4 in Stealth
  1754 | D:2      | Found a bloodstained altar of Trog.
  1798 | D:2      | Found a stormy altar of Qazlal.
  1823 | D:2      | Reached skill level 1 in Ice Magic
  1845 | D:2      | Noticed Terence
  2006 | D:2      | Killed Terence
  2131 | D:2      | Reached XP level 4. HP: 27/27 MP: 9/9
  2415 | D:3      | Found an opulent altar of Gozag.
  2588 | D:3      | Found a sparkling altar of Nemelex Xobeh.
  2976 | D:4      | Reached skill level 4 in Hexes
  2993 | D:4      | Reached skill level 3 in Spellcasting
  3041 | D:4      | Reached * piety under Dithmenos
  3170 | D:4      | Noticed Blork the orc
  3176 | D:4      | Learned a level 3 spell: Tukima's Dance
  3255 | D:4      | Reached XP level 5. HP: 31/31 MP: 3/10
  3348 | D:4      | Reached skill level 5 in Stealth
  3382 | D:4      | Reached skill level 2 in Ice Magic
  3598 | D:4      | Reached XP level 6. HP: 34/36 MP: 12/12
  3758 | D:4      | Found a staircase to the Ecumenical Temple.
  3813 | D:4      | Killed Blork the orc
  3813 | D:4      | Reached skill level 5 in Hexes
  3816 | D:4      | Reached ** piety under Dithmenos
  3901 | D:4      | Reached skill level 6 in Stealth
  3905 | D:4      | Reached XP level 7. HP: 36/41 MP: 10/13
  4049 | D:4      | Reached skill level 4 in Spellcasting
  4049 | D:4      | Reached skill level 3 in Ice Magic
  4074 | D:4      | Learned a level 3 spell: Dazzling Spray
  4428 | D:5      | Entered Level 5 of the Dungeon
  4437 | D:5      | Noticed Menkaure
  4445 | D:5      | Found Mut Damaexo's Book Emporium.
  4454 | D:5      | Killed Menkaure
  4454 | D:5      | Reached skill level 1 in Long Blades
  4454 | D:5      | Reached skill level 7 in Stealth
  4599 | D:5      | Found Ickigi's Weapon Shoppe.
  4640 | D:5      | Found Faklig's Gadget Shop.
  4643 | D:5      | Noticed Scytalen's ghost (novice DrTm)
  4739 | D:5      | Reached skill level 6 in Hexes
  5022 | D:6      | Reached XP level 8. HP: 44/46 MP: 15/15
  5037 | D:6      | Reached skill level 2 in Long Blades
  5247 | D:5      | Noticed Sigmund
  5258 | D:5      | Killed Sigmund
  5267 | D:5      | Reached skill level 8 in Stealth
  5446 | D:5      | Killed Scytalen's ghost
  5446 | D:5      | Reached skill level 3 in Long Blades
  5446 | D:5      | Reached skill level 7 in Hexes
  5648 | D:6      | Reached skill level 9 in Stealth
  5929 | D:6      | Reached skill level 4 in Long Blades
  5935 | D:6      | Reached *** piety under Dithmenos
  5943 | D:6      | Reached XP level 9. HP: 30/51 MP: 13/16
  6299 | D:7      | Found Uteqan's Weapon Emporium.
  6302 | D:7      | Bought a +0 blowgun for 30 gold pieces
  6670 | D:7      | Reached skill level 8 in Hexes
  6836 | D:7      | Reached skill level 1 in Conjurations
  7083 | D:7      | Reached skill level 10 in Stealth
  7288 | D:7      | Reached skill level 5 in Long Blades
  7288 | D:7      | Reached skill level 2 in Conjurations
  7667 | D:7      | Learned a level 2 spell: Passwall
  8225 | D:8      | Noticed Pikel
  8228 | D:8      | Killed Pikel
  8228 | D:8      | Reached skill level 3 in Conjurations
  8228 | D:8      | Reached skill level 9 in Hexes
  8228 | D:8      | Reached XP level 10. HP: 56/56 MP: 14/17
  8378 | D:7      | Reached skill level 6 in Long Blades
  8520 | D:7      | Reached skill level 1 in Fighting
  8520 | D:7      | Reached skill level 11 in Stealth
  8549 | D:7      | Reached skill level 1 in Throwing
  8784 | D:8      | Found an iron altar of Okawaru.
  8883 | D:8      | Found Zaguptem's Antique Weapon Shoppe.
  9080 | D:9      | Reached **** piety under Dithmenos
  9476 | D:9      | Reached skill level 3 in Dodging
  9482 | D:9      | Reached skill level 2 in Fighting
  9483 | D:9      | HP: 1/60 [yak (11)]
  9486 | D:9      | Mangled by a yak

Skill      XL: |  1  2  3  4  5  6  7  8  9 10 |
---------------+-------------------------------+-----
Stealth        | 4 5 6 7 9 10 11 | 11.4
Ice Magic      | 1 2 3 |  3.1
Hexes          | 4 5 6 7 9 |  9.7
Spellcasting   | 3 4 |  4.1
Long Blades    | 1 4 5 6 |  6.6
Conjurations   | 3 |  3.1
Fighting       | 2 |  2.0
Throwing       | 1 |  1.8
Dodging        | 3 |  3.1
Short Blades   | |  1.2

Action                   |  1- 3 |  4- 6 |  7- 9 | 10-12 || total
-------------------------+-------+-------+-------+-------++-------
Melee: Dagger            |    98 |   120 |   379 |   105 ||   702
 Cast: Corona            |     2 |       |       |       ||     2
       Ensorcelled Hiber |    18 |    37 |    66 |    29 ||   150
       Confuse           |     2 |     2 |    11 |    10 ||    25
       Tukima's Dance    |       |     1 |    17 |       ||    18
 Stab: Sleeping          |    17 |    36 |    47 |    20 ||   120
       Confused          |       |     2 |    10 |     7 ||    19
  Eat: Chunk             |     5 |     8 |    16 |     5 ||    34
       Fruit             |       |       |     1 |       ||     1
Armor: Robe              |    26 |    77 |    75 |    29 ||   207
       Skin              |       |       |     1 |       ||     1
Dodge: Dodged            |    56 |   191 |   224 |    88 ||   559
Block: Other             |       |    15 |    20 |     7 ||    42
       Reflection        |       |       |     3 |       ||     3
